 Dungeon Crawl Stone Soup version 0.27.1 (webtiles) character file.

Game seed: 10373581422569100819

144 Ishikawa the Magician (level 5, -3/35 HPs)
             Began as a Djinni Hedge Wizard on Aug 21, 2021.
             Slain by an orc priest (8 damage)
             ... on level 3 of the Dungeon.
             The game lasted 00:10:04 (3900 turns).

Ishikawa the Magician (Djinni Hedge Wizard)         Turns: 3900, Time: 00:10:06

Health: -3/35      AC:  2    Str:  9    XL:     5   Next: 52%
Gold:   42         EV: 12    Int: 16    God:
                   SH:  0    Dex: 13

rFire    + + .     SeeInvis .   k - +2 short sword (speed)
rCold    x . .     Faith    .   (no shield)
rNeg     . . .     Spirit   .   b - +0 robe
rPois    ∞         Reflect  .   c - +0 hat
rElec    .         Harm     .   (no cloak)
rCorr    .         Rampage  .   (no gloves)
Will     +....                  (boots unavailable)
Stlth    ++........             (no amulet)
HPRegen  0.11/turn              g - ring of willpower
MPRegen  0.00/turn              o - ring of wizardry

@: flying
A: sickness immunity, fire resistance 2, cold vulnerability 1, float, innate
caster, hp casting, extra vitality 1
a: no special abilities


You were on level 3 of the Dungeon.
You visited 1 branch of the dungeon, and saw 3 of its levels.

You collected 42 gold pieces.

Inventory:

Hand Weapons
 k - a +2 short sword of speed (weapon)
 n - a +2 vampiric dagger
Armour
 b - a +0 robe (worn)
 c - a +0 hat (worn)
Jewellery
 g - a ring of willpower (left hand)
 o - a ring of wizardry (right hand)
Scrolls
 e - 2 scrolls of identify {unknown}
 h - a scroll of amnesia {unknown}
 l - 2 scrolls of enchant weapon {unknown}
 m - a scroll of teleportation {unknown}
Potions
 a - a potion of might {unknown}
 d - 3 potions of heal wounds {unknown}
 f - 2 potions of lignification {unknown}
 i - a potion of curing {unknown}
 j - 2 potions of degeneration {unknown}


   Skills:
 + Level 2.6 Dodging
 + Level 1.9 Stealth
 * Level 4.2 Spellcasting


You couldn't memorise any spells.
You knew the following spells:

 Your Spells              Type           Power      Damage    Failure   Level
a - Magic Dart            Conj           68%        1d6       1%          1
b - Blink                 Tloc           N/A        N/A       1%          2
c - Call Imp              Summ           17%        N/A       1%          2
d - Slow                  Hex            17%        N/A       1%          2
e - Conjure Flame         Conj/Fire      17%        6-21      3%          3
f - Mephitic Cloud        Conj/Pois/Air  17%        N/A       3%          3
g - Sandblast             Erth           34%        2d9       1%          1
h - Ensorcelled Hibernat  Hex/Ice        34%        N/A       1%          2
Your spell library was empty.

Dungeon Overview and Level Annotations

Branches:
Dungeon (3/15)

Altars:
Trog

Annotations:
D:3 Jessica


Innate Abilities, Weirdness & Mutations

You are immune to sickness and miasma.
You are immune to poison.
Your flesh is very heat resistant. (rF++)
You are vulnerable to cold. (rC-)
You float through the air rather than walking.
You learn spells naturally, not from books.
Your magical power is your life essence.
You have superior vitality. (+4 HP)


Message History

Jessica is engulfed in noxious fumes.
Jessica appears confused.
Jessica hits you with a +0 dagger.
* * * LOW HITPOINT WARNING * * *
Casting: Magic Dart (safe; 1% risk of failure)
Confirm with . or Enter, or press ? or * to list all spells.
A beastly little devil appears in a puff of flame.
* * * LOW HITPOINT WARNING * * *
The quokka barely misses you. Jessica closely misses you.
Something closely misses your crimson imp.
The orc priest barely misses your crimson imp.
The quokka misses your crimson imp.
Something hits the orc priest.
Something hits your crimson imp.
You feel a bit more experienced.
The orc priest barely misses your crimson imp.
Your crimson imp blinks!
Jessica says, "I'm a little confused."
Jessica ponders the situation.
Jessica hits the quokka but does no damage.
The orc priest looks braver for a moment.
Your crimson imp blinks!
The orc wizard hits the quokka with a +0 dagger.
The quokka is killed!
Jessica ponders the situation.
Casting: Call Imp (safe; 1% risk of failure)
Confirm with . or Enter, or press ? or * to list all spells.
Aiming: Mephitic Cloud (dangerous; 3% risk of failure)
Press: ? - help, Shift-Dir - straight line The ball explodes into a vile cloud!
The stinking cloud engulfs the orc priest but does no damage.
The orc priest is lightly wounded.
* * * LOW HITPOINT WARNING * * *
The orc priest is engulfed in noxious fumes.
The orc priest is engulfed in noxious fumes.
The orc priest appears confused.
The orc priest is engulfed in noxious fumes.
The orc priest appears confused.
The orc priest is engulfed in noxious fumes.
The orc priest appears confused.
The orc priest hits you with a +2 whip of freezing!
You die...

# #...............# #.#.....
#
#...............#####.#.####
# ###############.......#.#
# # #####.........# ## #
#.............# #. #
#.###......#.####. #.#
#......#.##... #o#
#......#...... #@#
#.@.o......... #.#
#.......#####. #.#
####...##...## #.#
#...#.....# ########
####.#### #...')....#
#......# #.......#
#...#§....# #......#
##.......# ##..##...##
#......# #........#
##..#####. ##......#
#........# ##.......


You could see an orc priest (confused).

Vanquished Creatures
  3 adders
  2 orcs (D:3)
  4 bats
  11 endoplasms
  2 giant cockroaches
  7 goblins
  5 hobgoblins
  3 quokkas
  5 ball pythons
  A frilled lizard (D:2)
  2 kobolds
  2 rats (D:1)
47 creatures vanquished.

Vanquished Creatures (collateral kills)
  An iguana (D:3)
  Terence (D:2)
  5 gnolls
  2 worms
  2 ball pythons
  2 endoplasms (D:1)
  A giant cockroach (D:2)
  A hobgoblin (D:1)
  4 jackals (D:2)
  A frilled lizard (D:1)
  A goblin (D:1)
  A kobold (D:1)
  A rat (D:1)
23 creatures vanquished.

Grand Total: 70 creatures vanquished

Notes
Turn   | Place    | Note
-------+----------+-------------------------------------------
     0 | D:1      | Ishikawa the Djinni Hedge Wizard began the quest for the
                  | Orb.
     0 | D:1      | Reached XP level 1. HP: 15/15 MP: 0/0
   717 | D:1      | Reached XP level 2. HP: 20/21 MP: 0/0
  1095 | D:1      | Reached skill level 3 in Spellcasting
  1296 | D:1      | Reached XP level 3. HP: 19/25 MP: 0/0
  1296 | D:1      | Learned a level 1 spell: Sandblast
  1682 | D:2      | Reached XP level 4. HP: 16/31 MP: 0/0
  1836 | D:2      | Found a bloodstained altar of Trog.
  1876 | D:2      | Noticed Terence
  1894 | D:2      | Killed Terence
  2853 | D:3      | Reached XP level 5. HP: 33/35 MP: 0/0
  2853 | D:3      | Learned a level 2 spell: Ensorcelled Hibernation
  2890 | D:3      | Reached skill level 4 in Spellcasting
  3871 | D:3      | Noticed Jessica
  3900 | D:3      | Slain by an orc priest

Illustrated notes

Levels and vault maps discovered:
D:1:      evilmike_arrival_rings, layout_basic, grunt_decor_one_mirror,
          minmay_liquid_box
D:2:      layout_basic, basic_altar, minmay_misc_feat_hallway, uniq_terence
D:3:      layout_basic, kennysheep_jessica_study

Skill      XL: |  1  2  3  4  5 |
---------------+----------------+-----
Spellcasting   | 3 4 |  4.2
Dodging        | |  2.6
Stealth        | |  1.9

Action                   |  1- 3 |  4- 6 || total
-------------------------+-------+-------++-------
Melee: Dagger            |    11 |     8 ||    19
       Short sword       |       |    17 ||    17
 Cast: Magic Dart        |    44 |    49 ||    93
       Call Imp          |    12 |    21 ||    33
       Blink             |     2 |       ||     2
       Mephitic Cloud    |       |     5 ||     5
 Stab: Sleeping          |     1 |     1 ||     2
Armor: Robe              |     1 |     4 ||     5
Dodge: Dodged            |    16 |    24 ||    40
